 Dungeon Crawl Stone Soup version 0.26.0-9-gab577f9fc5 (webtiles) character file.

Game seed: 14207527166087415106

73 Jerry the Skirmisher (level 4, 0/40 HPs)
             Began as a Ghoul Fighter on Jan 13, 2021.
             Slain by a gnoll
             ... wielding a +0 flail
              (6 damage)
             ... on level 2 of the Dungeon.
             The game lasted 00:02:42 (1180 turns).

Jerry the Skirmisher (Ghoul Fighter)                Turns: 1180, Time: 00:02:42

Health: 0/40       AC:  6    Str: 19    XL:     4   Next: 27%
Magic:  3/3        EV:  9    Int:  4    God:
Gold:   73         SH:  0    Dex:  8    Spells: 3/3 levels left

rFire    . . .     SeeInvis .   a - +0 flail
rCold    + . .     Faith    .   (no shield)
rNeg     + + +     Spirit   .   b - +0 scale mail
rPois    ∞         Reflect  .   (no helmet)
rElec    .         Harm     .   (no cloak)
rCorr    +         Rampage  .   (no gloves)
Will     .....                  (no boots)
Stlth    ..........             (no amulet)
HPRegen  0.00/turn              e - ring of resist corrosion
MPRegen  0.08/turn              (no ring)

@: mighty
A: claws 1, cold resistance 1, negative energy resistance 3, inhibited
regeneration, torment resistance, unbreathing
a: no special abilities


You were on level 2 of the Dungeon.
You visited 1 branch of the dungeon, and saw 2 of its levels.

You collected 73 gold pieces.

Inventory:

Hand Weapons
 a - a +0 flail (weapon)
Armour
 b - a +0 scale mail (worn)
 c - a +0 kite shield
Jewellery
 e - a ring of resist corrosion (left claw)
Scrolls
 f - a scroll of magic mapping {unknown}
 g - a scroll of enchant weapon {unknown}
 h - 2 scrolls of teleportation {unknown}
 i - a scroll of identify {unknown}
 m - a scroll of immolation {unknown}
 n - a scroll of remove curse {unknown}
Potions
 j - a potion of lignification {unknown}
 k - a potion of heal wounds {unknown}
 l - 2 potions of attraction {unknown}


   Skills:
 + Level 3.9 Fighting
 * Level 3.1 Maces & Flails
 + Level 3.2 Armour
 - Level 2.6 Shields


You had 3 spell levels left.
You didn't know any spells.
Your spell library was empty.

Dungeon Overview and Level Annotations

Branches:
Dungeon (2/15)

Altars:
Uskayaw


Innate Abilities, Weirdness & Mutations

You thrive by killing the living.
You are immune to poison.
You have sharp fingernails.
Your flesh is cold resistant. (rC+)
You are immune to negative energy. (rN+++)
You do not regenerate when monsters are visible.
You are immune to unholy pain and torment.
You can survive without breathing.


Message History

The gnoll is heavily wounded.
The gnoll hits you with a +0 flail.
The gnoll hits you from afar with a +0 halberd.
You closely miss the gnoll.
The gnoll is heavily wounded.
The gnoll closely misses you.
The gnoll hits you from afar with a +0 halberd!
* * * LOW HITPOINT WARNING * * *
You sock the gnoll!
You kill the gnoll!
You feel better.
The gnoll hits you from afar with a +0 halberd.
* * * LOW HITPOINT WARNING * * *
You closely miss the gnoll. The gnoll hits you with a +0 flail.
* * * LOW HITPOINT WARNING * * *
The gnoll barely misses you.
You sock the gnoll!
The gnoll is severely wounded.
The gnoll hits you with a +0 flail.
You die...

#....# # #########
###....# #
........######......# #
######...........)..#####
.........................
######....####.....#####
#.##.# #.....# # #..#.#
#.....# # ##@#.# #.....#
### #g#.# #.#.### #..
#...g#.# #.#.# #.#
#......# #.#.# #.#
#......# #.#.# #.#
#......# #.#.# #.#
#.)..#.# #.#.# #.#
#....#.####.#.#####.#
#..g.#..............#


You could see 2 gnolls.

Vanquished Creatures
  An adder (D:2)
  2 gnolls (D:2)
  An ooze (D:2)
  A dart slug (D:1)
  A leopard gecko (D:2)
  2 bats
  6 giant cockroaches
  5 goblins
  6 hobgoblins
  A quokka (D:2)
  2 frilled lizards
  5 kobolds (D:1)
  A rat (D:1)
34 creatures vanquished.

Notes
Turn   | Place    | Note
-------+----------+-------------------------------------------
     0 | D:1      | Jerry the Ghoul Fighter began the quest for the Orb.
     0 | D:1      | Reached XP level 1. HP: 19/19 MP: 0/0
   116 | D:1      | Reached XP level 2. HP: 26/26 MP: 1/1
   742 | D:2      | Noticed a -1 dagger
   743 | D:2      | Noticed a +0 hand axe
   746 | D:2      | Reached XP level 3. HP: 31/31 MP: 2/2
   747 | D:2      | Found a hide-covered altar of Uskayaw.
  1176 | D:2      | Reached XP level 4. HP: 28/40 MP: 3/3
  1180 | D:2      | Slain by a gnoll

Illustrated notes

Levels and vault maps discovered:
D:1:      wheals_arrival_shading, layout_basic
D:2:      layout_basic, dancing_weapons_uskayaw, brannock_xom_greatest_gift

Skill      XL: |  1  2  3 |
---------------+----------+-----
Maces & Flails | 2 3 |  3.1
Armour         | 3 |  3.2
Fighting       | |  3.9
Shields        | |  2.6

Action                   |  1- 3 |  4- 6 || total
-------------------------+-------+-------++-------
Melee: Flail             |   118 |     5 ||   123
  Use: Potion            |     1 |       ||     1
Armor: Scale mail        |    64 |       ||    64
Dodge: Dodged            |    71 |     2 ||    73
